 Dungeon Crawl Stone Soup version 0.28.0-43-g3370ac3207 (webtiles) character file.

Game seed: 17892399487951702661

99 croobank the Skirmisher (level 4, 0/41 HPs)
             Began as a Hill Orc Fighter on Mar 14, 2022.
             Splashed by a jelly's acid (8 damage)
             ... on level 2 of the Dungeon.
             The game lasted 00:03:21 (1403 turns).

croobank the Skirmisher (Hill Orc Fighter)          Turns: 1403, Time: 00:03:21

Health: 0/41       AC: -3    Str: 20    XL:     4   Next: 72%
Magic:  4/4        EV:  9    Int:  8    God:
Gold:   75         SH:  4    Dex: 10    Spells: 3/3 levels left

rFire   . . .      SeeInvis .   e - +2 dagger (venom)
rCold   . . .      Faith    .   c - +0 buckler
rNeg    . . .      Spirit   .   b - +0 scale mail
rPois   .          Reflect  .   (no helmet)
rElec   .          Harm     .   (no cloak)
rCorr   .          Rampage  .   n - +0 pair of gloves
Will    .....                   (no boots)
Stlth   ..........              (no amulet)
HPRegen 0.13/turn               (no ring)
MPRegen 0.09/turn               (no ring)

@: corroded
A: no striking features
a: no special abilities


You were on level 2 of the Dungeon.
You visited 1 branch of the dungeon, and saw 2 of its levels.

You collected 75 gold pieces.

Inventory:

Hand Weapons
 a - a +0 war axe
 e - a +2 dagger of venom (weapon)
Missiles
 g - 19 bolts
 l - 5 datura-tipped darts (quivered)
 m - 43 sling bullets
 p - 16 stones
Armour
 b - a +0 scale mail (worn)
 c - a +0 buckler (worn)
 n - a +0 pair of gloves (worn)
Scrolls
 h - a scroll of fear {unknown}
 i - a scroll of magic mapping {unknown}
 j - 3 scrolls of identify {unknown}
 k - a scroll of immolation {unknown}
Potions
 d - a potion of might
 f - a potion of berserk rage {unknown}
 o - a potion of magic {unknown}


   Skills:
 + Level 4.5 Fighting
 + Level 3.8 Axes
 + Level 4.1 Armour
 + Level 4.0 Shields


You had 3 spell levels left.
You didn't know any spells.
Your spell library was empty.

Dungeon Overview and Level Annotations

Branches:
Dungeon (2/15)

Altars:


Message History

You hit the endoplasm.
You kill the endoplasm!
You hit the endoplasm.
The endoplasm is severely wounded.
The endoplasm hits you. The endoplasm freezes you.
You are frozen.
You hit the endoplasm.
You kill the endoplasm!
The jelly hits you but does no damage.
You see here a +0 short sword.
You barely miss the jelly. The jelly barely misses you.
You hit the jelly.
Your hands burn!
The jelly is moderately wounded.
You block the jelly's attack.
You hit the jelly.
The jelly is poisoned.
Your hands burn!
The jelly is heavily wounded.
The jelly closely misses you.
You hit the jelly.
The jelly looks as sick as possible!
The acid corrodes you!
Your hands burn!
The jelly is almost dead.
You kill the jelly!
Your Armour skill increases to level 4!
Your Shields skill increases to level 4!
You hit the jelly.
Your hands burn!
The jelly is lightly wounded.
The jelly hits you. The acid corrodes you!
You are splashed with acid!
You hit the jelly. The acid corrodes you!
Your hands burn!
The jelly is heavily wounded.
The jelly hits you. The acid corrodes you!
You are splashed with acid!
* * * LOW HITPOINT WARNING * * *
There is an open door here.
There is an open gate here.
There's a creature in the gateway!
The jelly barely misses you.
There is a stone staircase leading down here.
The jelly hits you.
* * * LOW HITPOINT WARNING * * *
The acid corrodes you!
You are splashed with acid!
You die...

#. #.# ....#
###.######## .....
..........@#### ....#
#.#......J....# ...
#.#...........# ...
#.#....J......# ##.#
#.#...J.......#
##.####.#.J.........#
##.#................#
....................#
....................#


You could see 2 jellies and 2 endoplasms.

Vanquished Creatures
  A jelly (D:2)
  3 adders (D:2)
  3 dart slugs (D:1)
  3 ball pythons (D:1)
  5 endoplasms
  A giant cockroach (D:1)
  A goblin (D:1)
  3 hobgoblins
  11 kobolds
  A frilled lizard (D:1)
  5 rats (D:1)
37 creatures vanquished.

Vanquished Creatures (others)
  3 fungi (D:2)
  8 toadstools (D:2)
11 creatures vanquished.

Grand Total: 48 creatures vanquished

Notes
Turn   | Place    | Note
-------+----------+-------------------------------------------
     0 | D:1      | croobank the Hill Orc Fighter began the quest for the Orb.
     0 | D:1      | Reached XP level 1. HP: 19/19 MP: 1/1
   128 | D:1      | Reached XP level 2. HP: 13/27 MP: 2/2
   717 | D:1      | Reached XP level 3. HP: 31/33 MP: 3/3
  1252 | D:2      | Reached XP level 4. HP: 40/40 MP: 4/4
  1403 | D:2      | Splashed by a jelly's acid

Illustrated notes

Levels and vault maps discovered:
D:1:      pf_arrival_petrified_forest, layout_basic, serial_glass,
          glass_columns_c, glass_columns_b
D:2:      cheibrodos_fertilizer, layout_basic

Skill      XL: |  1  2  3  4 |
---------------+-------------+-----
Axes           | 3 |  3.8
Fighting       | 4 |  4.5
Armour         | 4 |  4.1
Shields        | 4 |  4.0

Action                   |  1- 3 |  4- 6 || total
-------------------------+-------+-------++-------
Melee: War axe           |    27 |       ||    27
       Dagger            |    42 |    36 ||    78
Armor: Scale mail        |    23 |    14 ||    37
Dodge: Dodged            |    27 |     8 ||    35
Block: Buckler           |     9 |     7 ||    16
